Map: Ley Lines

Players

Spirit (souL)

  • Race: Terran Terran
  • League: Master
  • Spawn Location: 7:00

ShoWTimE - Winner!

  • Race: Protoss Protoss
  • League: Grandmaster
  • Spawn Location: 1:00

Event: HomeStory Cup XXVII

VOD

Have the link to the VOD?

Description

Time

  • Played on: June 27, 2025, 2:07 p.m.
  • Length: 25:04

All games in this series

Show
View Real Time Build Order
Export as new Build Order

Spirit Terran 

Build Orders:  

Get SALT Encoding   

  12  0:00  SCV  
  13  0:12  SCV  
  14  0:16  Supply Depot  
  14  0:24  SCV  
  15  0:38  SCV  
  15  0:39  Barracks  
  16  0:50  SCV  
  16  0:51  Refinery  
  17  1:02  SCV  
  18  1:10  Engineering Bay  
  18  1:14  SCV  
  19  1:26  Orbital Command, Marine  
  20  1:45  Barracks Reactor  
  20  1:51  Command Center  
  20  1:53  SCV  
  21  1:59  Supply Depot  
  21  2:05  SCV  
  22  2:14  Factory  
  22  2:17  SCV  
  23  2:23  Marine x2  
  23  2:26  Bunker  
  25  2:31  SCV  
  26  2:41  Marine x2  
  26  2:43  SCV  
  29  2:55  SCV  
  30  2:59  Starport  
  30  3:03  Hellion, Orbital Command  
  30  3:04  Marine  
  33  3:06  Marine  
  33  3:09  SCV  
  35  3:21  SCV  
  35  3:22  Marine  
  35  3:23  Marine  
  35  3:25  Widow Mine  
  40  3:30  SCV  
  40  3:33  SCV  
  42  3:37  Medivac  
  42  3:38  Barracks  
  44  3:42  Refinery, SCV  
  44  3:44  Supply Depot  
  44  3:45  SCV  
  46  3:56  SCV  
  46  3:57  SCV  
  46  3:59  Supply Depot  
  46  4:00  Barracks  
  46  4:05  Marine x2  
  46  4:09  Starport Tech Lab, Factory Tech Lab, SCV x2  
  50  4:13  Engineering Bay  
  50  4:18  Refinery  
  50  4:21  SCV x2  
  52  4:31  Marine x2  
  52  4:32  Supply Depot  
  52  4:33  SCV x2  
  52  4:35  Stimpack  
  52  4:38  Marauder  
  58  4:45  Starport Reactor, SCV  
  59  4:46  SCV  
  60  4:55  Marauder, Marine x2  
  60  4:57  Combat Shield, SCV  
  60  4:58  SCV  
  66  5:00  Refinery  
  66  5:03  Supply Depot  
  66  5:05  Terran Infantry Weapons Level 1  
  66  5:09  SCV  
  66  5:10  Marauder, SCV  
  70  5:15  Marine  
  70  5:21  Marauder  
  70  5:22  SCV  
  70  5:24  SCV  
  69  5:29  Marine  
  69  5:30  Medivac  
  69  5:31  Marauder  
  69  5:34  SCV  
  74  5:36  SCV  
  74  5:37  Marine  
  74  5:43  Marauder, Medivac  
  74  5:46  SCV  
  74  5:48  SCV  
  74  5:49  Factory Reactor  
  75  5:50  Marine  
  75  5:52  Marauder  
  75  5:56  Supply Depot  
  77  5:57  Supply Depot  
  77  5:59  SCV  
  78  6:05  Missile Turret  
  78  6:15  Concussive Shells  
  78  6:18  Marauder x2, Marine x2, SCV, Medivac  
  86  6:24  SCV  
  88  6:29  Command Center  
  82  6:35  Medivac  
  82  6:36  Marine  
  85  6:40  Marauder, SCV x2  
  85  6:43  Supply Depot x2, Widow Mine x2  
  85  6:45  Marauder  
  93  6:52  SCV  
  94  7:04  Viking, Marine, SCV  
  94  7:05  Marauder, Supply Depot, SCV, Widow Mine x2  
  94  7:07  Terran Infantry Armor Level 1  
  94  7:08  Supply Depot  
  105  7:11  Marauder  
  107  7:16  SCV  
  107  7:17  SCV  
  107  7:18  Medivac  
  107  7:19  Marine  
  106  7:26  Marauder  
  106  7:29  SCV  
  109  7:33  Widow Mine  
  109  7:36  SCV  
  111  7:37  Barracks  
  111  7:38  Barracks  
  111  7:39  Medivac  
  111  7:43  SCV  
  114  7:48  SCV, Medivac  
  114  7:49  Widow Mine  
  114  7:50  Marauder, Marine  
  122  7:54  Widow Mine  
  122  7:55  SCV  
  122  7:58  Marauder, Marine  
  127  8:00  SCV  
  127  8:06  Orbital Command, Sensor Tower  
  127  8:07  SCV  
  127  8:12  Marauder, SCV  
  129  8:19  SCV  
  129  8:24  Bunker, SCV  
  129  8:28  Supply Depot, Widow Mine  
  129  8:29  Barracks Reactor, Widow Mine  
  129  8:32  SCV  
  134  8:35  Barracks Tech Lab  
  134  8:36  SCV x2  
  134  8:38  Ghost Academy  
  134  8:41  Viking  
  138  8:42  Viking  
  141  8:50  Marine  
  141  8:54  Marine  
  141  8:55  Supply Depot x2, Marine  
  143  8:56  Command Center  
  143  8:57  Marine  
  143  8:58  Marine  
  143  9:07  Marine  
  141  9:10  Marine  
  141  9:12  Viking x2  
  141  9:13  Marauder  
  141  9:15  Marauder  
  148  9:17  Armory  
  148  9:18  Refinery x2  
  148  9:19  Engineering Bay  
  148  9:20  Ghost  
  148  9:21  Marine  
  145  9:32  Supply Depot, Marine x2  
  145  9:34  SCV  
  145  9:35  Marauder, SCV x2  
  145  9:36  Ghost  
  153  9:39  Widow Mine  
  153  9:41  Widow Mine  
  157  9:46  Supply Depot, Factory, SCV  
  157  9:48  Ghost  
  157  9:49  Marine  
  162  9:54  Viking  
  162  9:56  Marauder, Viking  
  168  10:00  Supply Depot  
  168  10:01  Supply Depot  
  168  10:04  Terran Infantry Weapons Level 2  
  168  10:07  Terran Infantry Armor Level 2  
  168  10:16  Factory Tech Lab  
  168  10:18  Marine  
  168  10:19  Marauder  
  168  10:20  SCV x2  
  173  10:24  Marine, Terran Ship Weapons Level 1, Viking  
  173  10:26  Viking  
  178  10:29  Marine  
  178  10:30  Marauder, Missile Turret  
  178  10:35  Drilling Claws  
  179  10:37  Widow Mine x2  
  179  10:41  Starport  
  179  10:42  SCV x2  
  185  10:43  Missile Turret  
  185  10:49  Marine  
  188  10:50  Marauder, Marine  
  188  10:55  Planetary Fortress  
  188  10:56  SCV  
  189  10:57  SCV  
  189  11:00  Marauder, Refinery, Marine  
  189  11:03  Ghost  
  196  11:04  Sensor Tower  
  196  11:06  Factory Reactor  
  196  11:07  Widow Mine  
  198  11:17  Barracks  
  198  11:18  Barracks, SCV x2  
  200  11:19  Barracks  
  200  11:28  Command Center  
  200  11:42  Viking x2  
  200  11:46  Command Center  
  198  11:50  Marauder  
  197  11:54  Marine  
  197  11:58  Viking  
  197  11:59  Ghost  
  197  12:00  Marine  
  197  12:01  Marauder  
  198  12:02  Widow Mine  
  198  12:05  Barracks Tech Lab x2  
  200  12:10  Ghost Academy  
  197  12:21  Terran Infantry Weapons Level 3  
  197  12:24  Viking  
  197  12:26  Marine  
  197  12:27  Barracks Tech Lab  
  195  12:38  Marine  
  195  12:41  Marauder, Marine x6  
  194  12:44  Marine  
  194  12:47  Marauder  
  194  12:55  Medivac x2  
  194  12:56  Marine  
  194  12:58  Widow Mine  
  200  13:11  Command Center  
  200  13:15  Fusion Core, Orbital Command  
  200  13:22  Command Center  
  200  13:26  Widow Mine  
  200  13:31  Planetary Fortress  
  200  13:39  Terran Ship Weapons Level 2  
  200  13:41  Terran Infantry Armor Level 3  
  196  13:42  Personal Cloaking  
  196  13:51  Widow Mine x2  
  198  13:57  Caduceus Reactor  
  196  14:03  Widow Mine  
  199  14:10  Command Center  
  197  14:21  Ghost x3  
  197  14:22  Marauder x2, Marine  
  194  14:25  Marauder, Marine  
  188  14:32  Marine  
  163  14:40  Marine  
  163  14:42  Widow Mine x2  
  163  14:43  Marauder, Ghost  
  160  14:46  Orbital Command, Ghost  
  160  14:51  Widow Mine  
  160  14:52  Marine  
  165  14:53  Marauder  
  165  14:54  Advanced Ballistics  
  165  14:56  Marine  
  165  14:58  Marauder, Marine  
  165  14:59  Marauder  
  154  15:04  SCV  
  154  15:05  Marauder, SCV x3  
  160  15:08  Liberator x2  
  160  15:09  Widow Mine  
  160  15:12  Marauder  
  160  15:13  Missile Turret  
  172  15:14  Marauder  
  172  15:15  Marauder, Refinery, Widow Mine x2  
  172  15:17  SCV  
  172  15:20  Marauder x2  
  183  15:26  Marauder  
  174  15:29  Marine  
  174  15:31  Marine x2  
  174  15:34  Marauder, Widow Mine  
  174  15:35  Marauder, Marine  
  174  15:37  Marauder  
  174  15:41  Marine x2  
  166  15:45  SCV x2  
  166  15:46  SCV  
  166  15:47  Marine  
  166  15:48  Marauder, Marine  
  166  15:49  Marine, SCV x2  
  172  15:51  Widow Mine  
  172  15:55  Marauder  
  172  15:56  Ghost  
  172  15:57  Ghost, SCV  
  180  15:59  Marauder, Viking x2  
  189  16:07  SCV  
  189  16:09  Viking x2  
  194  16:23  Orbital Command  
  194  16:25  Command Center  
  194  16:29  Viking x2  
  195  16:33  Terran Ship Weapons Level 3  
  195  16:39  Viking  
  194  16:40  Viking  
  194  16:43  Sensor Tower  
  196  16:56  Missile Turret  
  196  16:59  Ghost  
  196  17:01  Marine x9  
  159  17:19  Marauder x2, Marine x7  
  150  17:23  Liberator x4  
  150  17:28  Marine  
  160  17:33  Planetary Fortress  
  160  17:36  Marine  
  160  17:37  Marauder x2, Marine x3  
  155  17:38  Widow Mine  
  155  17:40  Marine, Widow Mine  
  155  17:43  Widow Mine  
  169  17:45  Ghost  
  169  17:46  Marine  
  169  17:48  Marauder  
  169  17:51  SCV x3  
  178  17:59  Widow Mine  
  178  18:02  Widow Mine  
  178  18:04  Missile Turret  
  178  18:05  Ghost x2, Widow Mine  
  184  18:06  Liberator  
  193  18:21  Widow Mine  
  193  18:23  Widow Mine  
  194  18:29  Ghost x2  
  199  18:36  Marine  
  200  18:44  Command Center  
  196  18:49  Marine  
  196  18:53  Marine x7  
  200  18:58  Viking  
  200  19:09  Refinery  
  200  19:10  Unknown  
  200  19:14  Command Center  
  200  19:18  Command Center  
  193  19:27  Widow Mine  
  193  19:28  Refinery  
  195  19:35  Medivac x2  
  199  19:42  Medivac  
  196  19:49  Widow Mine  
  196  19:50  Ghost  
  196  19:51  Marine  
  199  19:53  Marauder, Marine x3  
  199  19:55  Marauder  
  200  20:01  Ghost  
  198  20:09  Ghost, Marine  
  196  20:15  Medivac  
  196  20:17  Ghost  
  196  20:20  SCV  
  196  20:21  SCV  
  190  20:22  Widow Mine  
  189  20:32  Ghost  
  189  20:33  Marine  
  189  20:34  Marauder  
  171  20:35  Marine  
  171  20:36  Marauder  
  171  20:37  Marine  
  171  20:38  Marine x3  
  140  20:44  Medivac  
  140  20:46  Marine  
  140  20:48  Widow Mine x2  
  136  20:51  Marine, SCV x5  
  136  20:53  Marine  
  136  20:54  Marine x2  
  136  20:55  Marine  
  136  20:56  Marine x2  
  148  20:57  Marauder  
  148  21:01  Marine  
  151  21:04  Marauder  
  153  21:13  Widow Mine x2  
  166  21:27  Marauder, Marine  
  166  21:28  Marauder x5  
  165  21:33  Marine  
  156  21:40  Marine  
  156  21:41  Marine  
  156  21:45  Marine  
  144  21:48  Planetary Fortress  
  144  21:49  Marauder x3  
  144  21:51  Marine  
  144  21:52  Marauder, Missile Turret  
  134  21:59  Marauder, Marine  
  123  22:02  Marine  
  126  22:08  Marauder  
  126  22:12  Marine, Widow Mine  
  129  22:16  Widow Mine  
  129  22:22  Widow Mine  
  133  22:28  Ghost  
  134  22:30  Marauder  
  134  22:34  Widow Mine  
  130  22:45  Viking, Marine  
  130  22:48  Marine  
  130  22:49  Marauder  
  112  22:52  Marauder, Marine  
  112  22:53  Marine, Widow Mine x2  
  112  22:54  Marine  
  108  22:58  Medivac  
  108  23:07  Ghost  
  108  23:11  Marine  
  108  23:12  Marine  
  113  23:14  Marine  
  113  23:16  Marine  
  113  23:17  Orbital Command  
  115  23:22  Widow Mine  
  115  23:24  Widow Mine  
  115  23:25  Marine  
  120  23:29  Marine  
  120  23:30  Marauder, Missile Turret  
  120  23:31  Marine  
  122  23:34  Marauder, Marine  
  122  23:35  Marine  
  122  23:39  Marauder  
  128  23:44  Marine  
  128  23:45  Marauder  
  126  23:51  Ghost  
  126  23:52  Marauder, Marine  
  130  23:55  Ghost  
  130  23:58  Marine  
  130  24:01  Marauder  
  136  24:04  Marauder  
  136  24:06  Marauder  
  140  24:13  Marine  
Show
View Real Time Build Order
Export as new Build Order

ShoWTimE Protoss - Winner!

Build Orders: 1 Gate Expand, Blink Stalkers 

Get SALT Encoding   

  12  0:00  Probe  
  13  0:12  Probe  
  14  0:17  Pylon  
  14  0:24  Probe  
  15  0:32  Probe  
  15  0:35  Gateway  
  15  0:40  Probe  
  16  0:46  Assimilator  
  17  0:50  Probe  
  18  1:03  Probe  
  19  1:15  Probe  
  20  1:22  Cybernetics Core  
  20  1:30  Probe  
  21  1:35  Nexus  
  21  1:40  Pylon  
  21  1:44  Probe  
  22  1:47  Assimilator  
  22  1:48  Adept  
  22  1:56  Probe  
  22  2:00  Warp Gate  
  26  2:08  Probe, Adept  
  26  2:20  Probe  
  29  2:29  Twilight Council  
  29  2:32  Probe  
  30  2:44  Probe, Stalker  
  30  2:47  Probe  
  30  2:48  Blink  
  34  2:55  Probe  
  34  2:56  Gateway  
  34  2:57  Probe  
  35  3:03  Probe  
  36  3:09  Probe  
  38  3:14  Probe  
  39  3:21  Probe  
  39  3:23  Robotics Facility  
  39  3:25  Pylon  
  39  3:26  Probe  
  41  3:33  Probe  
  42  3:38  Gateway, Probe  
  43  3:52  Stalker  
  43  3:53  Stalker  
  43  3:54  Probe  
  48  3:59  Probe  
  48  4:00  Pylon, Warp Prism  
  49  4:16  Stalker  
  53  4:19  Stalker  
  53  4:23  Pylon  
  55  4:30  Nexus  
  55  4:32  Pylon  
  55  4:36  Observer  
  56  4:39  Stalker x2  
  56  4:43  Stalker  
  62  4:45  Probe  
  62  4:47  Probe  
  62  4:50  Assimilator  
  64  4:59  Probe x2  
  66  5:05  Stalker  
  66  5:06  Stalker  
  70  5:07  Stalker  
  70  5:11  Probe x2  
  74  5:14  Pylon  
  74  5:23  Probe x2  
  72  5:32  Stalker x3  
  72  5:35  Probe x2  
  79  5:36  Charge  
  80  5:43  Probe  
  80  5:47  Probe  
  80  5:54  Probe  
  80  5:55  Probe  
  80  5:56  Forge  
  80  5:59  Probe  
  81  6:06  Probe  
  81  6:07  Gateway  
  81  6:08  Probe  
  81  6:09  Gateway  
  83  6:12  Gateway  
  83  6:13  Probe  
  83  6:14  Protoss Ground Weapons Level 1  
  83  6:17  Gateway  
  84  6:23  Gateway  
  84  6:24  Probe  
  85  6:28  Immortal  
  81  6:34  Zealot x3  
  81  6:39  Shield Battery  
  87  6:44  Probe  
  87  6:46  Pylon  
  88  6:55  Sentry x3  
  88  6:59  Probe, Assimilator  
  95  7:02  Observer  
  95  7:08  Robotics Bay  
  95  7:12  Zealot x4  
  103  7:23  Probe x2  
  103  7:27  Pylon  
  103  7:29  Pylon  
  103  7:31  Pylon  
  103  7:43  Zealot x4  
  105  7:47  Colossus  
  105  7:50  Zealot x4  
  105  7:51  Extended Thermal Lance  
  113  7:54  Pylon  
  119  7:59  Protoss Ground Weapons Level 2  
  119  8:05  Zealot x4  
  125  8:13  Pylon  
  125  8:16  Nexus  
  125  8:17  Zealot x4  
  129  8:25  Probe x2  
  127  8:27  Pylon  
  127  8:29  Colossus  
  127  8:30  Photon Cannon  
  127  8:35  Probe  
  127  8:37  Probe  
  127  8:38  Probe  
  136  8:44  Pylon  
  136  8:45  Pylon  
  136  8:46  Zealot x4  
  136  8:47  Probe  
  145  8:51  Photon Cannon  
  145  8:54  Shield Battery  
  145  8:57  Forge  
  145  9:02  Zealot x2  
  143  9:10  Stalker x3  
  143  9:11  Protoss Ground Armor Level 1  
  143  9:12  Colossus  
  149  9:20  Zealot x2  
  148  9:30  Probe  
  145  9:37  Probe  
  144  9:39  Sentry  
  144  9:40  Zealot x2  
  150  9:49  Pylon  
  150  9:51  Zealot x4  
  158  10:01  Warp Prism  
  158  10:06  Protoss Ground Weapons Level 3  
  160  10:10  Nexus  
  160  10:12  Probe, Robotics Facility  
  161  10:14  Gravitic Drive  
  161  10:21  Zealot  
  161  10:22  Zealot x5  
  173  10:35  Zealot x2  
  177  10:37  Disruptor  
  177  10:38  Pylon  
  177  10:40  Protoss Ground Armor Level 2  
  181  10:54  Observer  
  181  10:55  Gateway, Disruptor  
  181  10:57  Gateway  
  181  10:59  Gateway  
  181  11:01  Gateway  
  181  11:03  Gateway  
  179  11:06  Photon Cannon  
  183  11:13  Disruptor  
  187  11:21  Gateway  
  187  11:23  Gateway  
  187  11:28  Probe x3  
  187  11:29  Dark Shrine, Probe x2  
  187  11:31  Nexus  
  187  11:32  Pylon  
  192  11:40  Probe  
  193  11:57  Zealot x4  
  193  11:58  Zealot  
  197  12:02  Zealot x3  
  197  12:07  Probe x2  
  197  12:08  Probe  
  188  12:24  Zealot x6  
  199  12:34  Protoss Ground Armor Level 3  
  193  12:38  Protoss Shields Level 1  
  193  12:44  Colossus  
  185  12:47  Zealot x9  
  181  12:54  Colossus  
  181  12:55  Zealot x6  
  181  12:57  Shadow Stride  
  193  13:00  Probe x3  
  193  13:03  Photon Cannon  
  196  13:09  Robotics Facility  
  196  13:10  Gateway  
  196  13:11  Gateway  
  196  13:13  Pylon  
  196  13:15  Stalker x2  
  196  13:17  Gravitic Boosters  
  196  13:18  Nexus  
  196  13:19  Pylon  
  198  13:24  Photon Cannon  
  198  13:26  Photon Cannon  
  198  13:28  Shield Battery  
  198  13:30  Stalker  
  198  13:37  Observer  
  197  13:43  Zealot  
  198  13:53  Nexus  
  198  13:54  Stalker  
  200  13:57  Observer  
  200  14:00  Pylon  
  187  14:20  Stalker x7, Zealot x3  
  195  14:27  Zealot x3  
  195  14:28  Probe  
  192  14:37  Colossus x2  
  180  14:42  Zealot x7  
  180  14:43  Probe x3  
  189  14:49  Assimilator  
  189  14:50  Assimilator  
  189  14:53  Zealot x6  
  189  14:59  Observer  
  186  15:05  Zealot x11  
  200  15:16  Photon Cannon  
  200  15:18  Photon Cannon, Templar Archives  
  200  15:20  Photon Cannon  
  200  15:21  Shield Battery  
  200  15:23  Pylon, Disruptor x2  
  200  15:26  Colossus  
  195  15:38  Zealot x11  
  184  15:56  Assimilator  
  184  15:58  Zealot x8  
  198  16:07  Observer  
  199  16:20  Stargate  
  199  16:36  Photon Cannon  
  198  16:48  Stalker  
  198  16:51  Stalker  
  200  16:59  Stalker x4  
  168  17:11  Colossus x2  
  168  17:13  Zealot x7  
  154  17:25  Psionic Storm  
  154  17:27  Zealot x10  
  154  17:28  Probe  
  154  17:29  Probe x3  
  158  17:33  Disruptor  
  158  17:37  Zealot x7  
  158  17:39  Probe x2  
  158  17:40  Probe x2  
  180  17:51  Nexus  
  180  17:53  Pylon  
  180  17:54  Sentry, Stalker x4  
  180  17:55  Stalker x2  
  180  17:56  High Templar  
  180  17:57  Nexus  
  196  18:00  Pylon  
  196  18:04  Observer  
  197  18:06  Pylon  
  197  18:07  Zealot  
  197  18:12  Observer  
  200  18:17  Dark Templar  
  198  18:33  High Templar  
  198  18:39  Zealot x2  
  194  18:55  Phoenix  
  184  18:58  Stalker x4  
  184  18:59  Zealot x6  
  198  19:10  Dark Templar  
  198  19:27  High Templar x2  
  200  19:36  Observer x2  
  198  19:46  Stalker  
  198  19:51  Stalker  
  196  20:09  Zealot x5  
  198  20:15  Zealot  
  198  20:18  Stalker  
  196  20:28  Nexus  
  196  20:33  Archon  
  164  20:36  Archon  
  164  20:37  Zealot x8  
  164  20:38  Stalker x4  
  164  20:42  Probe  
  161  20:43  Probe  
  161  20:44  Probe  
  161  20:49  Observer x2  
  147  20:50  Zealot x4  
  155  20:57  Photon Cannon  
  155  20:59  Probe, Photon Cannon  
  155  21:00  Probe x2  
  155  21:01  Probe x2  
  155  21:02  Probe x3, Photon Cannon  
  155  21:03  Stalker x2  
  155  21:04  Stalker x2, Zealot x8  
  168  21:05  Unknown  
  168  21:07  Probe  
  168  21:08  Photon Cannon  
  168  21:09  Shield Battery  
  186  21:13  Probe x2  
  186  21:14  Assimilator  
  187  21:21  Zealot x4  
  187  21:23  Colossus  
  199  21:28  Probe x2  
  199  21:29  Assimilator  
  199  21:30  Assimilator  
  199  21:32  Pylon  
  197  21:35  Stalker  
  164  21:49  Zealot x8  
  176  21:54  Photon Cannon  
  176  21:56  Protoss Shields Level 2  
  154  22:01  Zealot x3  
  154  22:07  High Templar x2  
  156  22:14  Probe x3  
  152  22:23  High Templar x2  
  152  22:27  Zealot x9  
  168  22:39  Zealot x3  
  168  22:42  Archon  
  163  22:47  Zealot x6  
  163  22:51  Observer  
  144  22:55  Zealot x6  
  149  23:01  Dark Templar x2  
  149  23:05  Observer x2  
  153  23:07  Zealot x2  
  153  23:14  Zealot x5  
  153  23:16  Probe x2  
  153  23:17  Probe  
  153  23:19  High Templar  
  168  23:21  Probe x3  
  168  23:22  Probe  
  172  23:30  Zealot x4  
  172  23:34  Probe  
  181  23:36  High Templar x2  
  183  23:46  High Templar  
  185  23:51  Zealot x7  
  199  24:04  Zealot  
  199  24:05  Photon Cannon  
  199  24:07  Probe  
  199  24:08  Probe  
  195  24:14  High Templar x2  
  185  24:28  Probe x3  
  184  24:31  Zealot x2  
  184  24:32  Zealot x5  
  198  24:40  Zealot  
  196  24:47  Nexus  
  196  24:49  Pylon, Zealot x2  
  196  24:50  Zealot x5  
  175  24:57  Zealot x5  
Tags
 
Add a new tag
Caveats
  • Supply blocks, unpowered buildings, or Contaminate may cause inaccurate times.
  • Supply counts are checked every 10 seconds.